Map: Old Republic LE

Players

Geralt (Gerald)

  • Race: Protoss Protoss
  • League: Grandmaster
  • Spawn Location: 7:00

SZNightMare (NightMare) - Winner!

  • Race: Protoss Protoss
  • League: Master
  • Spawn Location: 1:00

VOD

Have the link to the VOD?

Description

Time

  • Played on: Jan. 30, 2026, 6:28 a.m.
  • Length: 11:05
Show
View Real Time Build Order
Export as new Build Order

Geralt Protoss 

Build Orders: Blink Stalkers 

Get SALT Encoding   

  12  0:00  Probe  
  13  0:12  Probe  
  14  0:17  Pylon  
  14  0:22  Probe  
  15  0:31  Probe  
  16  0:36  Gateway  
  16  0:40  Probe  
  16  0:46  Assimilator  
  17  0:52  Probe  
  17  0:55  Assimilator  
  18  1:00  Probe  
  18  1:07  Gateway  
  18  1:08  Probe  
  20  1:19  Probe  
  20  1:24  Cybernetics Core  
  21  1:31  Probe  
  22  1:35  Pylon  
  22  1:43  Probe  
  23  1:55  Probe  
  23  1:59  Stalker  
  23  2:00  Sentry  
  26  2:06  Pylon  
  26  2:07  Probe  
  29  2:16  Pylon, Warp Gate  
  29  2:19  Probe  
  30  2:23  Pylon  
  30  2:31  Probe  
  31  2:43  Probe  
  31  2:51  Nexus  
  31  2:55  Sentry, Probe  
  31  2:57  Sentry  
  36  3:05  Shield Battery  
  36  3:12  Probe  
  37  3:14  Pylon  
  37  3:23  Twilight Council  
  37  3:24  Probe  
  38  3:33  Shield Battery  
  38  3:36  Probe  
  39  3:46  Shield Battery  
  39  3:48  Probe  
  36  3:58  Blink  
  36  4:00  Probe  
  34  4:05  Stalker x2  
  38  4:17  Probe  
  37  4:20  Gateway  
  37  4:21  Probe, Shield Battery  
  38  4:27  Stalker  
  38  4:30  Stalker  
  42  4:35  Probe  
  42  4:36  Probe  
  38  4:48  Probe, Stalker  
  38  4:52  Stalker  
  44  4:57  Probe  
  44  4:58  Robotics Facility  
  44  5:00  Probe  
  45  5:09  Probe  
  45  5:14  Stalker  
  46  5:15  Probe  
  46  5:17  Stalker  
  46  5:18  Stalker  
  46  5:20  Assimilator  
  51  5:24  Probe  
  51  5:27  Probe  
  53  5:31  Gateway  
  53  5:42  Stalker x2  
  57  5:46  Pylon, Stalker  
  59  5:54  Observer  
  51  6:05  Stalker  
  52  6:14  Stalker  
  52  6:17  Probe  
  49  6:23  Probe  
  49  6:26  Probe  
  49  6:28  Stalker  
  52  6:35  Probe  
  52  6:39  Gateway x2  
  53  6:40  Probe  
  53  6:43  Probe  
  55  6:52  Probe  
  55  6:53  Observer  
  55  6:54  Warp Prism  
  56  6:56  Probe  
  59  7:06  Stalker  
  59  7:07  Stalker  
  63  7:09  Pylon  
  63  7:17  Stalker x2  
  63  7:19  Probe x2  
  66  7:30  Stalker x2  
  66  7:33  Pylon  
  66  7:35  Pylon  
  70  7:39  Observer  
  71  7:57  Stalker x4  
  71  7:58  Stalker  
  81  8:00  Charge  
  67  8:24  Probe  
  68  8:31  Robotics Bay, Nexus  
  68  8:32  Assimilator  
  67  8:44  Zealot x5  
  67  8:47  Probe  
  78  8:51  Probe  
  79  8:59  Probe  
  78  9:03  Probe  
  78  9:05  Pylon  
  79  9:11  Probe  
  80  9:17  Disruptor  
  84  9:24  Stalker  
  84  9:25  Stalker x2, Sentry  
  92  9:31  Stalker  
  92  9:38  Probe  
  93  9:39  Shield Battery  
  93  9:44  Disruptor  
  89  9:48  Robotics Facility  
  89  9:50  Probe  
  90  9:53  Probe  
  90  9:54  Probe  
  96  10:12  Stalker x4  
  96  10:13  Stalker  
  102  10:21  Disruptor  
  86  10:39  Zealot x6  
Show
View Real Time Build Order
Export as new Build Order

SZNightMare Protoss - Winner!

Build Orders: Blink Stalkers 

Get SALT Encoding   

  12  0:00  Probe  
  13  0:12  Probe  
  14  0:17  Pylon  
  14  0:24  Probe  
  15  0:32  Probe  
  15  0:37  Gateway  
  15  0:40  Probe  
  16  0:46  Assimilator  
  17  0:51  Probe  
  17  0:56  Assimilator  
  18  0:59  Probe  
  19  1:07  Probe  
  19  1:08  Gateway  
  19  1:17  Probe  
  20  1:25  Cybernetics Core  
  21  1:29  Probe  
  22  1:35  Pylon  
  22  1:41  Probe  
  23  1:53  Probe  
  24  2:01  Adept  
  24  2:02  Sentry, Warp Gate  
  24  2:07  Pylon  
  28  2:22  Stalker  
  28  2:29  Stalker  
  32  2:41  Probe  
  32  2:43  Twilight Council  
  33  2:51  Stalker  
  33  2:56  Stalker  
  37  3:07  Probe  
  37  3:09  Blink  
  38  3:17  Nexus  
  38  3:20  Probe  
  38  3:26  Pylon  
  39  3:44  Probe  
  38  3:56  Probe  
  39  4:04  Stalker  
  39  4:05  Stalker  
  39  4:06  Probe  
  44  4:14  Probe  
  44  4:17  Dark Shrine  
  42  4:19  Gateway  
  42  4:22  Probe  
  44  4:35  Probe x2  
  42  4:47  Probe  
  42  4:48  Stalker  
  42  4:49  Stalker  
  42  4:51  Assimilator  
  47  4:53  Probe  
  47  4:54  Pylon  
  47  4:59  Probe  
  49  5:05  Robotics Facility, Shield Battery  
  49  5:08  Probe  
  49  5:11  Probe  
  51  5:15  Gateway  
  51  5:20  Probe  
  52  5:23  Probe  
  53  5:28  Dark Templar x2  
  53  5:32  Pylon, Probe  
  59  5:35  Probe  
  59  5:47  Nexus  
  59  5:57  Observer  
  59  5:58  Stalker  
  60  6:05  Stalker x2  
  60  6:06  Probe x2  
  66  6:12  Immortal  
  63  6:18  Probe x2  
  63  6:21  Charge  
  63  6:23  Stalker x2  
  72  6:30  Probe x2  
  74  6:38  Pylon  
  74  6:39  Forge  
  74  6:47  Probe x2  
  76  6:56  Immortal  
  76  6:59  Gateway x2  
  76  7:00  Pylon  
  80  7:02  Observer  
  80  7:06  Gateway  
  80  7:08  Gateway  
  80  7:10  Protoss Ground Weapons Level 1  
  80  7:16  Sentry, Zealot x2  
  80  7:18  Pylon  
  86  7:24  Warp Prism  
  86  7:26  Probe x2  
  86  7:33  Pylon  
  88  7:38  Probe x3  
  88  7:42  Gateway  
  91  7:44  Zealot  
  91  7:46  Zealot  
  95  7:51  Zealot  
  95  7:55  Photon Cannon  
  95  7:56  Zealot  
  95  7:57  Zealot  
  101  8:01  Zealot  
  103  8:09  Zealot x3  
  103  8:10  Probe  
  103  8:11  Probe x2  
  106  8:15  Pylon  
  98  8:25  Immortal  
  98  8:29  Zealot x7  
  116  8:45  Adept  
  116  8:50  Dark Templar x4  
  124  8:59  Pylon  
  124  9:01  Pylon  
  124  9:02  Pylon  
  124  9:03  Archon x2  
  122  9:17  Pylon  
  122  9:20  Photon Cannon  
  122  9:23  Stalker x4  
  130  9:26  Photon Cannon  
  127  9:47  Zealot x7  
  127  9:50  Zealot  
  143  9:58  Observer  
  144  10:01  Photon Cannon  
  140  10:15  Zealot x6  
  140  10:16  Zealot  
  140  10:17  Zealot  
  128  10:42  Zealot x8  
Tags
 
Add a new tag
Caveats
  • Supply blocks, unpowered buildings, or Contaminate may cause inaccurate times.
  • Supply counts are checked every 10 seconds.